 Dungeon Crawl Stone Soup version 0.19.5 (webtiles) character file.

564 tidbits the Skirmisher (level 7, -2/51 HPs)
             Began as a High Elf Wanderer on Aug 8, 2017.
             Was an Initiate of Makhleb.
             Killed by divine providence
             ... invoked by an orc priest
              (14 damage)
             ... on level 6 of the Dungeon.
             The game lasted 00:16:49 (2046 turns).

tidbits the Skirmisher (High Elf Wanderer)          Turns: 2046, Time: 00:16:50

Health: -2/51      AC:  8    Str: 12    XL:     7   Next: 10%
Magic:  8/8        EV: 11    Int: 16    God:    Makhleb [......]
Gold:   43         SH:  0    Dex: 20    Spells: 0 memorised, 6 levels left

rFire  . . .     SeeInvis .     a - +2 short sword (freeze)
rCold  . . .     Gourm    .     B - +2 scale mail
rNeg   . . .     Faith    .     (no shield)
rPois  .         Spirit   .     (no helmet)
rElec  .         Reflect  .     (no cloak)
rCorr  .         Harm     .     (no gloves)
MR     .....                    (no boots)
Stlth  +.........               (no amulet)
                                (no ring)
                                X - +4 ring of dexterity

@: no status effects
A: no striking features
a: Renounce Religion


You were on level 6 of the Dungeon.
You worshipped Makhleb.
Makhleb was noncommittal.
You were not hungry.

You visited 2 branches of the dungeon, and saw 8 of its levels.

You collected 115 gold pieces.
You spent 72 gold pieces at shops.

Inventory:

Hand Weapons
 a - a +2 short sword of freezing (weapon)
   (You took it off a kobold on level 1 of the Dungeon)
 d - a +0 dagger
 g - a +0 great sword
   (You found it on level 5 of the Dungeon)
Missiles
 h - 104 stones
 j - 17 arrows
 k - 48 sling bullets
 o - 9 tomahawks (quivered)
Armour
 B - a +2 scale mail (worn)
Jewellery
 X - a +4 ring of dexterity (left hand)
   (You found it on level 2 of the Dungeon)
Wands
 c - a wand of confusion (2/48)
   (You found it on level 4 of the Dungeon)
 e - a wand of iceblast (5/15)
   (You found it on level 4 of the Dungeon)
Scrolls
 f - 2 scrolls of enchant weapon {unknown}
 n - a scroll of magic mapping {unknown}
 q - a scroll of immolation
 r - 3 scrolls of remove curse
 s - a scroll of amnesia {unknown}
 x - a scroll of blinking {unknown}
 y - a scroll of brand weapon {unknown}
Potions
 b - 2 potions of lignification
 l - a potion of resistance
 t - a potion of agility
 v - a potion of heal wounds
Comestibles
 i - 6 bread rations
 m - a royal jelly
 p - a meat ration
 w - a chunk of flesh


   Skills:
 - Level 5.7 Fighting
 + Level 4.6 Long Blades
   Level 1.3 Bows
 - Level 2.6 Armour
 - Level 4.0 Dodging
 - Level 1.1 Stealth
   Level 1.7 Shields
 - Level 1.2 Invocations


You had 6 spell levels left.
You didn't know any spells.

Dungeon Overview and Level Annotations

Branches:
Dungeon (7/15)             Temple (1/1) D:4

Altars:
Ashenzari
Elyvilon
Fedhas
Hepliaklqana
Makhleb
Nemelex Xobeh
Qazlal
Sif Muna
Uskayaw
Vehumet
Xom
Yredelemnul
Zin

Shops:
D:6 !

Annotations:
D:3 Jessica, Terence


Message History

The orc hits you but does no damage. The orc warrior barely misses you.
You hit the orc warrior. You freeze the orc warrior.
The orc warrior is moderately wounded.
The orc hits you but does no damage.
You closely miss the orc warrior.
The orc warrior is moderately wounded.
The orc warrior hits you but does no damage.
The orc hits you but does no damage.
You hit the orc warrior. You freeze the orc warrior.
The orc warrior is heavily wounded.
You feel less woody.
Your +2 scale mail unmelds from your body.
The orc misses you.
The orc warrior hits you with a hand axe of chopping.
* * * LOW HITPOINT WARNING * * *
x2 Unknown command.
Press: ? - help, v - describe, . - travel, g - get item
Here: an orc warrior, wielding a hand axe of chopping and wearing a plate armour (heavily wounded)
A ring mail.
There is something else lying underneath.
The floor, spattered with blood.
Unknown command.
Press: ? - help, v - describe, . - travel, g - get item A club.
There is something else lying underneath.
The floor.
You hit the orc. You freeze the orc.
You kill the orc!
Makhleb accepts your kill.
That item cannot be evoked!
Evoke which item? (* to show all) (? for menu, Esc to quit)
Zapping:
c - a wand of confusion (6/48)
Press: ? - help, Shift-Dir - straight line, f - orc warrior
Aim: an orc warrior, wielding a hand axe of chopping and wearing a plate armour (heavily wounded, chance to defeat MR: 46%)
The orc warrior appears confused.
This wand has 5 charges left.
The orc throws a tomahawk.
The tomahawk hits you.
* * * LOW HITPOINT WARNING * * *
Evoke which item? (* to show all) (? for menu, Esc to quit)
Zapping:
e - a wand of iceblast (6/15)
Press: ? - help, Shift-Dir - straight line, f/p - orc warrior
Aim: an orc warrior, wielding a hand axe of chopping and wearing a plate armour (heavily wounded, confused)
The mass of ice explodes!
The iceblast engulfs the orc warrior.
The orc warrior is severely wounded.
The iceblast engulfs the orc.
You kill the orc!
Makhleb accepts your kill.
This wand has 5 charges left.
Unknown command.
Things that are here:
a dagger; a club; a chain mail You hit the orc warrior but do no damage.
The orc warrior is severely wounded.
You catch the helpless orc warrior completely off-guard!
You puncture the orc warrior! You freeze the orc warrior.
You kill the orc warrior!
Makhleb accepts your kill.
Your Long Blades skill increases to level 4!
You have reached level 7!
Things that are here:
a hand axe of chopping; a plate armour; an orc corpse You butcher the orc corpse.
w - 2 chunks of flesh (gained 1)
Things that are here:
a hand axe of chopping; a plate armour; an orc skeleton Eat one of 2 chunks of flesh? (ye/n/q)
You start eating one of the 2 chunks of flesh.
This raw flesh tastes terrible.
An orc warrior comes into view. It is wielding a short sword.
The orc warrior shouts!
Things that are here:
a dagger; a club; a chain mail
Things that are here:
a hand axe of chopping; a plate armour; an orc skeleton
Things that are here:
a robe; a dagger
There is a stone staircase leading down here.
Evoke which item? (* to show all) (? for menu, Esc to quit)
Zapping:
c - a wand of confusion (5/48)
Press: ? - help, Shift-Dir - straight line, f - orc warrior
Aim: an orc warrior, wielding a short sword and wearing a chain mail (chance to defeat MR: 46%)
The orc warrior resists with some effort.
This wand has 4 charges left.
Evoke which item? (* to show all) (? for menu, Esc to quit)
Zapping:
c - a wand of confusion (4/48)
Press: ? - help, Shift-Dir - straight line, f/p - orc warrior
Aim: an orc warrior, wielding a short sword and wearing a chain mail (chance to defeat MR: 46%)
The orc warrior resists with some effort.
This wand has 3 charges left.
Evoke which item? (* to show all) (? for menu, Esc to quit)
Zapping:
c - a wand of confusion (3/48)
Press: ? - help, Shift-Dir - straight line, f/p - orc warrior
Aim: an orc warrior, wielding a short sword and wearing a chain mail (chance to defeat MR: 46%)
The orc warrior resists with some effort.
This wand has 2 charges left.
The orc warrior hits you with a short sword!
* * * LOW HITPOINT WARNING * * *
The orc priest shouts!
The orc priest calls down the wrath of Beogh upon you.
Beogh smites you!
You die...

##################
).)....[.o.....o@#
)#######.#########
(# #####.#
o###.....#
.........#
.........#
.........#
.........#
o#######.#


You could see an orc warrior and an orc priest.

Vanquished Creatures
  An orc warrior (D:6)
  An ogre (D:4)
  A howler monkey (D:5)
  A bullfrog zombie (D:6)
  A hound (D:4)
  An orc priest (D:6)
  A jelly (D:5)
  3 orc wizards
  A worker ant (D:4)
  5 adders
  An ooze (D:1)
  2 worms (D:2)
  2 dart slugs
  6 orcs
  5 bats
  A giant cockroach (D:5)
  A goblin (D:2)
  4 hobgoblins
  11 jackals
  3 quokkas
  2 ball pythons
  A frilled lizard (D:1)
  5 kobolds
  A leopard gecko skeleton (D:4)
  2 rats
63 creatures vanquished.

Vanquished Creatures (others)
  4 fungi (D:5)
4 creatures vanquished.

Grand Total: 67 creatures vanquished

Notes
Turn   | Place    | Note
-------+----------+-------------------------------------------
     0 | D:1      | tidbits the High Elf Wanderer began the quest for the Orb.
     0 | D:1      | tidbits set off with: a +2 scale mail, 2 potions of lignification, a +0 dagger, a bread ration
     0 | D:1      | Reached XP level 1. HP: 16/16 MP: 2/2
   107 | D:1      | Reached skill level 1 in Dodging
   325 | D:1      | Reached XP level 2. HP: 12/21 MP: 3/3
   335 | D:1      | Reached skill level 2 in Dodging
   533 | D:2      | Reached XP level 3. HP: 17/26 MP: 4/4
   543 | D:2      | Reached skill level 3 in Dodging
   734 | D:3      | Noticed an ice beast
   750 | D:3      | Noticed Jessica
   870 | D:3      | Reached skill level 4 in Dodging
   936 | D:4      | Found a sparkling altar of Nemelex Xobeh.
   983 | D:4      | Noticed an ogre
  1007 | D:4      | Killed an ogre
  1007 | D:4      | Reached skill level 4 in Fighting
  1007 | D:4      | Reached XP level 4. HP: 26/33 MP: 5/5
  1007 | D:4      | Reached XP level 5. HP: 29/37 MP: 6/6
  1078 | D:3      | Noticed Terence
  1283 | D:4      | Reached skill level 5 in Fighting
  1362 | D:4      | Found a staircase to the Ecumenical Temple.
  1370 | Temple   | Entered the Ecumenical Temple
  1439 | Temple   | Became a worshipper of Makhleb the Destroyer
  1472 | D:4      | Reached XP level 6. HP: 34/45 MP: 7/7
  1505 | D:4      | Found a hide-covered altar of Uskayaw.
  1507 | D:4      | Found a stormy altar of Qazlal.
  1622 | D:5      | Entered Level 5 of the Dungeon
  1644 | D:5      | Reached skill level 1 in Invocations
  1679 | D:5      | Noticed a steam dragon
  1734 | D:5      | Reached skill level 1 in Long Blades
  1779 | D:6      | Found a shimmering altar of Xom.
  1780 | D:6      | Found a hazy altar of Hepliaklqana.
  1780 | D:6      | Noticed a glowing orange brain
  1781 | D:6      | Noticed a spectral ugly thing
  1781 | D:6      | Noticed a glowing orange brain
  1804 | D:6      | Reached skill level 2 in Long Blades
  1940 | D:6      | Found Yfito's Distillery.
  1948 | D:6      | Bought a potion of heal wounds for 60 gold pieces
  1948 | D:6      | Bought a potion of degeneration for 12 gold pieces
  1960 | D:6      | Noticed an orc warrior
  1987 | D:6      | Reached skill level 3 in Long Blades
  2020 | D:6      | Killed an orc warrior
  2020 | D:6      | Reached skill level 4 in Long Blades
  2020 | D:6      | Reached XP level 7. HP: 15/51 MP: 8/8
  2046 | D:6      | Killed from afar by an orc priest

Skill      XL: |  1  2  3  4  5  6 |
---------------+-------------------+-----
Dodging        | 1 2 4 |  4.0
Fighting       | 4 5 |  5.7
Invocations    | 1 |  1.2
Long Blades    | 4 |  4.6
Bows           | |  1.3
Armour         | |  2.6
Stealth        | |  1.1
Shields        | |  1.7

Action                   |  1- 3 |  4- 6 |  7- 9 || total
-------------------------+-------+-------+-------++-------
Melee: Dagger            |    68 |       |       ||    68
       Short sword       |   107 |   103 |       ||   210
Evoke: Wand              |     1 |     8 |     3 ||    12
  Use: Potion            |     1 |     2 |       ||     3
       Scroll            |     3 |     3 |       ||     6
 Stab: Distracted        |     1 |       |       ||     1
       Confused          |     1 |     1 |       ||     2
  Eat: Chunk             |     1 |     1 |     1 ||     3
       Beef jerky        |       |     1 |       ||     1
Armor: Scale mail        |    66 |    31 |       ||    97
       Skin              |       |    18 |       ||    18
Dodge: Dodged            |    79 |    49 |       ||   128

Table legend:
 A = Turns spent in this place as a percentage of turns spent in the entire game.
 B = Non-inter-level travel turns spent in this place as a percentage of non-inter-level travel turns spent in the entire game.
 C = Inter-level travel turns spent in this place as a percentage of turns spent in this place.
 D = Turns resting spent in this place as a percentage of non-inter-level travel turns spent in this place.
 E = Turns spent auto-exploring this place as a percentage of non-inter-level travel turns spent in this place.
 F = Non-inter-level travel turns spent in this place divided by the number of levels of this place that you've seen.
                   A       B       C       D       E      F
               +-------+-------+-------+-------+-------+----------------------
         Total | 100.0 | 100.0 |   0.1 |   0.2 |   0.0 | 242.5
       Dungeon |  96.3 |  96.3 |   0.1 |   0.2 |   0.0 | 267.0
        Temple |   3.7 |   3.7 |   1.4 |   0.0 |   0.0 |  71.0
               +-------+-------+-------+-------+-------+----------------------

Table legend:
 A = Kills in this place as a percentage of kills in entire the game.
 B = Kills by you in this place as a percentage of kills by you in the entire game.
 C = Kills by friends in this place as a percentage of kills by friends in the entire game.
 D = Other kills in this place as a percentage of other kills in the entire game.
 E = Experience gained in this place as a percentage of experience gained in the entire game.
 F = Experience gained in this place divided by the number of levels of this place that you have seen.
                   A       B       C       D       E      F
               +-------+-------+-------+-------+-------+----------------------
         Total | 100.0 | 100.0 |  -nan |  -nan | 100.0 | 100.8
       Dungeon | 100.0 | 100.0 |  -nan |  -nan | 100.0 | 115.1
               +-------+-------+-------+-------+-------+----------------------

Vault maps used:
D:1:      minmay_arrival_jagged, minmay_misc_feat_square, nrook_mini_vaults
D:2:      first_bread, serial_forest, infiniplex_forest_clump_cross,
          infiniplex_forest_straight_2, infiniplex_forest_clump_medium,
          infiniplex_forest_straight_3, infiniplex_forest_straight_2,
          infiniplex_forest_clump_cross, infiniplex_forest_end_1
D:3:      kennysheep_jessica_study, uniq_terence
D:4:      gammafunk_temple_overflow_elements, nicolae_overflow_hidden_temple,
          temple_fountains, fountainhead, kennysheep_nub, hex_large,
          nemelex_lonely_heart_becter
D:5:      kennysheep_steamy, kennysheep_little_box, st_stairs_11,
          serial_bayou_lake_a
D:6:      regret_index_temple_of_mockery, lemuel_doored_altar, serial_shops,
          shop
D:7:      marbit_many_paths, serial_shops, shop_statue, shop_scrolls,
          nicolae_shop_crystal, grunt_ogre_cave
Temple:   compressed_dpeg_triangle_lava_temple
